 Dungeon Crawl Stone Soup version 0.31-a0-133-gaae73658be (webtiles) character file.

Game seed: 14302492355443606971

4485 AiryTheDragon the Arsonist (level 10, -18/74 HPs)
             Began as a Pale Draconian Fire Elementalist on June 2, 2023.
             Was a Priest of Nemelex Xobeh.
             Shot with an arrow by a centaur warrior (19 damage)
             ... on level 9 of the Dungeon on June 3, 2023.
             The game lasted 01:10:23 (7638 turns).

AiryTheDragon the Arsonist (DrFE)                   Turns: 7638, Time: 01:10:23

Health: -18/74     AC:  5    Str: 13    XL:     10   Next: 16%
Magic:  19/19      EV: 12    Int: 18    God:    Nemelex Xobeh [***...]
Gold:   521        SH:  0    Dex: 11    Spells: 5/21 levels left

rFire   . . .        k - +5 scythe (distort)
rCold   . . .        (shield currently unavailable)
rNeg    . . .        (body armour unavailable)
rPois   +            (helmet restricted)
rElec   .            r - +0 cloak
rCorr   .            (no gloves)
SInv    +            t - +0 pair of boots
Will    .....        j - amulet of magic regeneration
Stlth   ++           f - ring of see invisible
HPRegen 0.32/turn    o - ring of poison resistance
MPRegen 0.56/turn

%: no passive effects
@: about to teleport, short of breath, corroded
A: breathe steam, AC +7, unfitting armour, cold-blooded, steam resistance
a: Breathe Steam, Renounce Religion, Draw Escape, Draw Destruction, Draw
Summoning, Triple Draw


You were on level 9 of the Dungeon.
You worshipped Nemelex Xobeh.
Nemelex Xobeh was most pleased with you.
You visited 2 branches of the dungeon, and saw 10 of its levels.

You collected 521 gold pieces.

Inventory:

Hand Weapons
 e - a +0 short sword
 k - a +5 scythe of distortion (weapon)
 q - a +2 quarterstaff of chaos
 y - a +2 whip of freezing
 D - a +0 orcbow
 F - a +3 dagger
 H - the +5 Force Lance {heavy, knockback}
   (You found it on level 7 of the Dungeon)
 I - a +3 spear of freezing
 J - a +0 dagger of chaos
 L - a +4 hand axe
Missiles
 i - 7 poisoned darts
Armour
 r - a +0 cloak (worn)
 t - a +0 pair of boots (worn)
Magical Staves
 w - a staff of air
 O - a staff of fire
Jewellery
 f - a ring of see invisible (left hand)
 j - an amulet of magic regeneration (around neck)
 o - a ring of poison resistance (right hand)
 s - an amulet of the acrobat
 C - a +6 ring of strength
Wands
 p - a wand of flame (17)
 K - a wand of acid (8)
Scrolls
 b - a scroll of teleportation
 c - a scroll of fear {unknown}
 d - a scroll of amnesia {unknown}
 g - 2 scrolls of immolation {unknown}
 h - a scroll of noise {unknown}
 v - a scroll of enchant armour {unknown}
 x - a scroll of enchant weapon {unknown}
 A - a scroll of magic mapping {unknown}
 B - 2 scrolls of poison
 M - a scroll of silence {unknown}
Potions
 a - 4 potions of magic
 l - a potion of attraction {unknown}
 m - 2 potions of degeneration
 n - 2 potions of lignification
 u - a potion of curing
 z - a potion of haste {unknown}
 G - a potion of enlightenment {unknown}
 N - a potion of resistance {unknown}


   Skills:
 + Level 2.6 Fighting
 + Level 1.2 Short Blades
 + Level 3.8 Polearms
 + Level 3.4 Dodging
 + Level 3.8 Stealth
 + Level 6.0 Spellcasting
 + Level 3.1 Conjurations
 * Level 2.5 Summonings
 * Level 4.3 Translocations
 + Level 8.0 Fire Magic
 * Level 5.6 Air Magic
 * Level 4.6 Evocations


You had 5 spell levels left.
You knew the following spells:

 Your Spells              Type           Power      Damage    Failure   Level
a - Foxfire               Conj/Fire      100%       2x1d9     1%          1
b - Scorch                Fire           68%        2d7       1%          2
c - Static Discharge      Conj/Air       42%        2-4/arc   3%          2
d - Volatile Blastmotes   Fire/Tloc      54%        2d14      2%          3
e - Flame Wave            Conj/Fire      25%        2d8       12%         4
f - Summon Lightning Spi  Summ/Air       20%        N/A       22%         4

Your spell library contained the following spells:

 Spells                   Type           Power      Damage    Failure   Level
 Inner Flame              Hex/Fire       19%        N/A       7%          3
 Airstrike                Air            12%        2d(2-18)  12%         4
 Summon Guardian Golem    Hex/Summ       10%        N/A       22%         3
 Ozocubu's Armour         Ice            5%         N/A       34%         3
 Metabolic Englaciation   Hex/Ice        2%         N/A       97%         5
 Conjure Ball Lightning   Conj/Air       10%        3x3d6     96%         6
 Simulacrum               Ice/Necr       2%         N/A       100%        6
 Orb of Destruction       Conj           8%         9d6       100%        7
 Spellforged Servitor     Conj/Summ      7%         N/A       100%        7
 Discord                  Hex            2%         N/A       100%        8
 Disjunction              Tloc           10%        N/A       100%        8


Dungeon Overview and Level Annotations

Branches:
Dungeon (9/15)             Temple (1/1) D:5
   Lair: D:8-11         Orc: D:9-12

Altars:
Ashenzari
Cheibriados
Dithmenos
Elyvilon
Fedhas
Gozag
Hepliaklqana
Kikubaaqudgha
Nemelex Xobeh
Okawaru
Qazlal
Ru
Sif Muna
Trog
Uskayaw
Vehumet
Wu Jian
Xom
Yredelemnul
Zin
The Shining One


Innate Abilities, Weirdness & Mutations

You can breathe blasts of scalding, opaque steam.
Your pale cyan-grey scales are hard. (AC +7)
You cannot fit into any form of body armour.
You are cold-blooded and may be slowed by cold attacks.
You are immune to the effects of steam.


Message History

Aiming: Breathe Steam (1% risk of failure)
Press: ? - help, Shift-Dir - straight line, f/p - acid dragon
Aim: an acid dragon (74% to hit)
You exhale a blast of scalding steam.
The ball of steam hits the acid dragon!
The acid dragon is heavily wounded.
The acid dragon is engulfed in a cloud of scalding steam.
The acid dragon spits acid at you. The splash of acid hits you.
The acid corrodes you!
Casting: Flame Wave (dangerous; 12% risk of failure)
Confirm with . or Enter, or press ? or * to list all spells.
Flames lash the acid dragon.
You kill the acid dragon!
The centaur warrior shoots an arrow.
The arrow closely misses you.
The centaur warrior shoots an arrow.
The arrow hits you! What are your orders? t - Shout!
Orders for allies: a - Attack new target. r - Retreat! s - Stop attacking. g - Guard the area. f - Follow me.
Anything else - Cancel.
Okay, then.
Okay, then.
The centaur warrior shoots an arrow.
The arrow barely misses you.
Okay, then.
Okay, then.
Casting: Scorch (safe; 1% risk of failure)
Confirm with . or Enter, or press ? or * to list all spells.
You conjure some foxfire!
Your foxfire dissipates!
The foxfire hits the centaur warrior but does no damage.
The centaur warrior shoots an arrow.
The arrow hits you!!
As you read the scroll of teleportation, it crumbles to dust.
You feel strangely unstable.
The centaur warrior shoots an arrow.
The arrow hits you!
* * * LOW HITPOINT WARNING * * *
You feel better.
The centaur warrior shoots an arrow.
The arrow hits you!
* * * LOW HITPOINT WARNING * * *
The centaur warrior shoots an arrow.
The arrow hits you!!
You die...
Your body glows with a rainbow of weird colours and disappears.

#..# #.## #.# # #####.### ##.
#.......# #.. #.......# #.#
#.......# #.#
############..c....#
#######.###..@...(.c....X...?#
............##########....)..#
#######.##### #.......# #..#
#.......# #.## #####.### ##.#
#..# #..# ##.## ## ##'########
#..# .# ####.......... #.##


You could see a centaur warrior.

Vanquished Creatures
  Pikel (D:5)
  Psyche (D:8)
  A hornet (D:8)
  Prince Ribbit (D:6)
  Sigmund (D:2)
  A wyvern (D:8)
  Eustachio (D:5)
  3 steam dragons
  2 acid dragons
  An ice beast (D:6)
  An ogre (D:4)
  2 centaurs
  A lemure (D:5)
  A phantom (D:4)
  A kobold brigand (D:7)
  4 bullfrogs
  4 scorpions
  8 wights
  3 killer bees (D:9)
  5 howler monkeys
  6 hounds
  A jelly (D:7)
  Crazy Yiuf (D:3)
  A sleepcap (D:7)
  2 iguanas (D:6)
  4 orc wizards
  15 adders
  A white imp (D:7)
  4 ufetubi
  2 worms (D:2)
  2 dart slugs
  10 orcs
  3 bats
  4 endoplasms
  2 giant cockroaches
  12 goblins
  6 hobgoblins
  13 jackals
  2 quokkas
  5 ball pythons
  8 kobolds
  2 rats
149 creatures vanquished.

Vanquished Creatures (collateral kills)
  An orc wizard (D:7)
1 creature vanquished.

Vanquished Creatures (others)
  A human (D:8)
  A bullfrog (D:8)
  112 foxfires
114 creatures vanquished.

Grand Total: 264 creatures vanquished

Notes
Turn   | Place    | Note
-------+----------+-------------------------------------------
     0 | D:1      | AiryTheDragon the Draconian Fire Elementalist began the
                  | quest for the Orb.
     0 | D:1      | Reached XP level 1. HP: 14/14 MP: 3/3
   351 | D:1      | Reached XP level 2. HP: 20/20 MP: 0/5
   645 | D:1      | Learned a level 2 spell: Scorch
   648 | D:1      | Learned a level 2 spell: Static Discharge
   913 | D:2      | Reached XP level 3. HP: 26/26 MP: 2/6
  1277 | D:2      | Noticed Sigmund
  1324 | D:2      | Reached XP level 4. HP: 33/33 MP: 7/7
  1328 | D:2      | Learned a level 3 spell: Volatile Blastmotes
  1341 | D:2      | Killed Sigmund
  1342 | D:2      | Reached skill level 1 in Fighting
  1342 | D:2      | Reached skill level 1 in Short Blades
  1342 | D:2      | Reached skill level 4 in Fire Magic
  1342 | D:2      | Reached XP level 5. HP: 37/40 MP: 2/10
  1882 | D:3      | Reached XP level 6. HP: 46/47 MP: 11/11
  2043 | D:3      | Found a runed translucent door.
  2044 | D:3      | Noticed Crazy Yiuf
  2107 | D:3      | Learned a level 4 spell: Flame Wave
  2483 | D:3      | Killed Crazy Yiuf
  2565 | D:4      | Reached skill level 1 in Polearms
  2571 | D:4      | Reached skill level 1 in Translocations
  2571 | D:4      | Reached skill level 1 in Air Magic
  2571 | D:4      | Reached skill level 1 in Evocations
  2647 | D:4      | Found a sacrificial altar of Ru.
  2809 | D:4      | Your scales start taking on a pale cyan-grey colour.
  2809 | D:4      | Reached skill level 5 in Fire Magic
  2809 | D:4      | Reached XP level 7. HP: 39/52 MP: 3/12
  2809 | D:4      | Gained mutation: You are immune to the effects of steam.
                  | [Pale Draconian growth]
  3081 | D:4      | Found a shadowy altar of Dithmenos.
  3630 | D:5      | Entered Level 5 of the Dungeon
  3815 | D:5      | Noticed Pikel
  3824 | D:5      | Killed Pikel
  3825 | D:5      | Reached skill level 6 in Fire Magic
  3825 | D:5      | Reached XP level 8. HP: 51/59 MP: 8/14
  3856 | D:5      | Found a staircase to the Ecumenical Temple.
  3862 | Temple   | Entered the Ecumenical Temple
  4066 | Temple   | Became a worshipper of Nemelex Xobeh the Trickster
  4252 | D:5      | Noticed Eustachio
  4260 | D:5      | Killed Eustachio
  4626 | D:5      | Found a hazy altar of Hepliaklqana.
  4913 | D:6      | Reached * piety under Nemelex Xobeh
  5015 | D:6      | Received a gift from Nemelex Xobeh
  5024 | D:6      | Noticed Prince Ribbit
  5033 | D:6      | Killed Prince Ribbit
  5037 | D:6      | Reached XP level 9. HP: 13/67 MP: 6/16
  5048 | D:6      | Reached skill level 5 in Spellcasting
  5048 | D:6      | Reached skill level 7 in Fire Magic
  5216 | D:6      | Learned a level 4 spell: Summon Lightning Spire
  5524 | D:7      | Found a shimmering altar of Xom.
  5572 | D:7      | Found an iron altar of Okawaru.
  5624 | D:7      | Found a snail-covered altar of Cheibriados.
  5848 | D:7      | Reached ** piety under Nemelex Xobeh
  5949 | D:7      | Identified the +2 ring mail of Geituog {rCorr}
  5977 | D:7      | Reached skill level 5 in Air Magic
  5999 | D:7      | Received a gift from Nemelex Xobeh
  6071 | D:7      | Found the +5 Force Lance {heavy, knockback}
  6309 | D:8      | Found a large runed translucent door.
  6310 | D:8      | Found a large runed translucent door.
  6353 | D:8      | Found a runed translucent door.
  6354 | D:8      | Found a basalt altar of Yredelemnul.
  6407 | D:8      | Found a hide-covered altar of Uskayaw.
  6410 | D:8      | Found a white marble altar of Elyvilon.
  6488 | D:8      | Noticed Psyche
  6494 | D:8      | Killed Psyche
  6495 | D:8      | Reached skill level 1 in Summonings
  6743 | D:8      | Received a gift from Nemelex Xobeh
  7128 | D:9      | Reached *** piety under Nemelex Xobeh
  7130 | D:9      | Found an opulent altar of Gozag.
  7176 | D:9      | Noticed a centaur warrior
  7362 | D:9      | Reached XP level 10. HP: 51/74 MP: 11/18
  7370 | D:9      | Reached skill level 8 in Fire Magic
  7613 | D:9      | Received a gift from Nemelex Xobeh
  7638 | D:9      | HP: 1/74 [centaur warrior/arrow (17)]
  7638 | D:9      | Shot with an arrow by a centaur warrior

Illustrated notes

Levels and vault maps discovered:
D:1:      onia_arrival_mini_spirals, layout_basic
D:2:      layout_basic, minmay_shallow_snake_nest, uniq_sigmund
D:3:      layout_basic, uniq_crazy_yiuf_cottage
D:4:      layout_basic, lemuel_tele_altar, amcnicky_altar_gilded
D:5:      layout_loops_corners, kennysheep_mini, temple_green, uniq_pikel,
          uniq_eustachio
D:6:      layout_cave_pools, serial_column_ruins, column_ruins_hut,
          column_ruins_grid_4, column_ruins_grid_4,
          column_ruins_corridor_corner, column_ruins_open_medium_water,
          column_ruins_open_tiny, minmay_door_square, uniq_prince_ribbit1
D:7:      layout_loops_ring, mainiacjoe_overflow_tiny_flanked,
          mainiacjoe_overflow_catch_the_wave
D:8:      layout_cave_pools, dk_yredelemnul_ordeal, jmf_multi_god_temple2,
          uniq_psyche
D:9:      layout_roguey, mainiacjoe_overflow_cross_hatched, blue_anna_alchemist
Temple:   nicolae_temple_bog_church

Skill      XL: |  1  2  3  4  5  6  7  8  9 10 |
---------------+-------------------------------+-----
Dodging        | 2 3 |  3.4
Stealth        | 2 3 |  3.8
Fighting       | 1 2 |  2.6
Short Blades   | 1 |  1.2
Spellcasting   | 3 4 5 6 |  6.0
Fire Magic     | 4 5 6 7 8 |  8.0
Polearms       | 1 2 3 |  3.8
Translocations | 1 2 3 4 |  4.3
Air Magic      | 1 2 4 5 |  5.6
Evocations     | 1 2 3 4 |  4.6
Conjurations   | 2 3 |  3.1
Summonings     | 2 |  2.5

Action                     |  1- 3 |  4- 6 |  7- 9 | 10-12 || total
---------------------------+-------+-------+-------+-------++-------
  Melee: Short sword       |    39 |     2 |       |       ||    41
         Unarmed           |     2 |       |       |       ||     2
         Tailslap          |     6 |     2 |    10 |       ||    18
         Halberd           |       |    20 |    69 |     5 ||    94
  Throw: Dart              |       |       |       |     1 ||     1
   Cast: Foxfire           |    30 |     9 |    28 |     1 ||    68
         Scorch            |     4 |    26 |    56 |     8 ||    94
         Volatile Blastmot |       |     2 |     2 |       ||     4
         Flame Wave        |       |       |     6 |     1 ||     7
         Summon Lightning  |       |       |     2 |     1 ||     3
 Invoke: Draw Destruction  |       |       |     2 |       ||     2
Ability: Breathe Steam     |       |       |     6 |     1 ||     7
    Use: Scroll            |     1 |       |     8 |     1 ||    10
         Potion            |       |       |       |     1 ||     1
   Stab: Sleeping          |     2 |     2 |    12 |       ||    16
 Armour: Skin              |    11 |     9 |    56 |     9 ||    85
  Dodge: Dodged            |    19 |    16 |    92 |    11 ||   138

Table legend: (Time is in decaauts)
 A = Elapsed time spent in this place.
 B = Non-inter-level travel time spent in this place.
 C = Inter-level travel time spent in this place.
 D = Time resting spent in this place.
 E = Time spent auto-exploring this place.
 F = Levels seen in this place.
 G = Mean time per level.
                   A        B        C        D        E       F      G
               +--------+--------+--------+--------+--------+-----+--------+
         Total |   7680 |   7342 |    338 |    163 |   6033 |  10 |  768.0 |
       Dungeon |   7459 |   7157 |    302 |    163 |   5874 |   9 |  828.8 |
        Temple |    220 |    184 |     36 |      0 |    159 |   1 |  220.0 |
               +--------+--------+--------+--------+--------+-----+--------+

Top non-repeatable levels by time:
     D:4: 1110 daAuts
     D:5: 947 daAuts
     D:2: 936 daAuts
     D:8: 883 daAuts
     D:1: 844 daAuts
     D:3: 754 daAuts
     D:6: 734 daAuts
     D:7: 733 daAuts
     D:9: 516 daAuts
  Temple: 220 daAuts
